Map: Automaton LE

Players

Future

  • Race: Terran Terran
  • League: Grandmaster
  • Spawn Location: 9:00

A.I. 2 (Very Easy) - Winner!

  • Race: Zerg Zerg
  • Spawn Location: 3:00

VOD

Have the link to the VOD?

Description

Time

  • Played on: Dec. 6, 2018, 5:12 p.m.
  • Length: 9:18
Show
View Real Time Build Order
Export as new Build Order

Future Terran 

Build Orders: Hellion Opening, Reaper Expand 

Get SALT Encoding   

  12  0:01  SCV  
  13  0:14  SCV  
  13  0:18  Supply Depot  
  14  0:27  SCV  
  15  0:39  SCV  
  15  0:40  Barracks  
  16  0:46  Refinery  
  16  0:52  SCV  
  17  1:04  SCV  
  18  1:16  SCV  
  19  1:28  Orbital Command  
  19  1:29  Reaper  
  20  1:44  Command Center  
  20  1:52  Supply Depot  
  20  1:55  SCV  
  20  2:01  Marine  
  22  2:07  SCV  
  23  2:11  Factory  
  23  2:18  Refinery  
  23  2:19  SCV  
  24  2:25  Barracks Reactor  
  24  2:31  SCV  
  25  2:43  SCV  
  26  2:56  Starport  
  26  3:00  SCV, Orbital Command  
  27  3:06  Hellion  
  27  3:07  Hellion  
  27  3:09  Barracks Tech Lab  
  27  3:12  SCV  
  32  3:15  Supply Depot  
  32  3:24  SCV  
  32  3:26  SCV  
  34  3:28  Hellion x2  
  34  3:32  Viking  
  40  3:36  SCV  
  40  3:38  SCV  
  42  3:48  SCV  
  43  3:49  Hellion x2  
  43  3:50  SCV  
  43  3:52  Supply Depot  
  48  3:58  Marine, Stimpack  
  48  4:00  SCV  
  50  4:04  SCV  
  51  4:12  SCV  
  51  4:16  SCV, Marine  
  54  4:23  Command Center  
  54  4:24  SCV  
  54  4:28  SCV  
  56  4:31  Supply Depot  
  56  4:36  SCV  
  57  4:40  Barracks, SCV  
  57  4:42  Factory Tech Lab, Barracks, Starport Reactor  
  58  4:48  SCV, Marine  
  58  4:52  SCV  
  61  4:56  Engineering Bay  
  61  4:59  Engineering Bay  
  61  5:01  SCV  
  61  5:02  Refinery  
  61  5:04  SCV, Siege Tank  
  64  5:13  SCV, Marine  
  66  5:16  SCV  
  66  5:18  Supply Depot  
  67  5:23  Terran Infantry Weapons Level 1  
  67  5:25  SCV, Terran Infantry Armor Level 1  
  67  5:27  Refinery, Marine  
  67  5:28  Marine  
  70  5:31  Starport Reactor  
  70  5:35  SCV, Supply Depot  
  71  5:36  Orbital Command  
  71  5:37  Marine  
  71  5:38  Marine x2  
  71  5:41  SCV  
  75  5:46  Marine  
  75  5:47  SCV, Marine  
  78  5:51  Siege Tank  
  78  5:53  SCV  
  80  5:57  Marine x3  
  80  5:58  Orbital Command  
  80  5:59  SCV  
  84  6:04  Marine x2  
  84  6:05  Combat Shield  
  86  6:11  SCV  
  86  6:12  SCV, Supply Depot  
  86  6:13  Supply Depot  
  86  6:15  Marine x3  
  86  6:16  Medivac x2  
  95  6:23  SCV  
  95  6:24  SCV, Marine x2  
  97  6:27  Armory  
  97  6:28  SCV  
  98  6:35  SCV, Supply Depot  
  98  6:36  SCV  
  98  6:39  Factory Reactor  
  98  6:43  Barracks, SCV  
  98  6:45  Barracks  
  99  6:47  SCV  
  99  6:48  SCV  
  99  6:50  Factory  
  99  6:53  Marine x4  
  103  6:55  SCV  
  103  6:57  Marine  
  105  7:01  Medivac x2  
  105  7:03  SCV  
  105  7:05  Supply Depot  
  105  7:07  Supply Depot, Refinery  
  110  7:11  Marine x4  
  110  7:14  Marine  
  116  7:18  Widow Mine x2  
  116  7:28  Marine  
  116  7:29  Marine x3  
  120  7:30  Barracks Reactor, Supply Depot  
  120  7:32  Barracks Reactor  
  120  7:33  Supply Depot  
  120  7:35  Marine  
  120  7:38  Widow Mine  
  120  7:40  Widow Mine x2  
  126  7:46  Marine x2  
  126  7:47  Medivac, Marine x2  
  126  7:51  Supply Depot, Medivac  
  134  7:53  Marine  
  134  7:56  Supply Depot  
  135  8:04  Marine x3  
  135  8:05  Marine  
  139  8:08  Marine  
  139  8:09  Command Center, Marine x3  
  139  8:11  Concussive Shells, Marine  
  144  8:14  Widow Mine x3  
  144  8:17  Medivac  
  152  8:21  Medivac  
  154  8:27  Marine  
  154  8:28  Marine x6  
  154  8:29  Marine x2  
  163  8:35  Barracks x3  
  163  8:36  SCV  
  163  8:37  SCV x2, Refinery  
  166  8:45  Widow Mine  
  166  8:46  Widow Mine x2  
  172  8:56  Marine  
  173  9:06  Supply Depot  
  173  9:07  Supply Depot  
  173  9:08  Supply Depot  
  173  9:09  Supply Depot  
Show
View Real Time Build Order
Export as new Build Order

A.I. 2 (Very Easy) Zerg - Winner!

Build Orders: Pool First 

Get SALT Encoding   

  12  0:01  Drone  
  13  0:12  Overlord  
  13  0:17  Drone  
  14  0:35  Spawning Pool  
  14  0:38  Drone  
  14  0:43  Extractor  
  14  0:45  Drone  
  14  0:53  Overlord  
  14  1:23  Zergling x2  
  14  1:24  Queen  
  17  1:32  Roach Warren  
  17  1:34  Drone  
  17  1:40  Extractor  
  17  1:44  Drone  
  17  1:52  Zergling x2  
  18  2:04  Drone  
  19  2:11  Drone  
  20  2:18  Drone  
  20  2:22  Zergling x2  
  22  2:28  Overlord  
  22  2:33  Drone  
  23  2:40  Drone  
  24  2:47  Drone  
  27  2:51  Roach  
  27  4:11  Zergling x2  
  27  4:55  Zergling x2  
  23  5:23  Zergling x2  
  22  5:52  Queen, Roach  
  22  5:55  Drone  
  24  6:03  Drone  
  15  6:10  Drone  
  11  6:17  Drone  
  10  6:21  Roach  
  10  6:24  Drone  
  9  6:31  Drone  
  9  6:38  Queen, Drone  
  9  6:46  Drone  
  9  6:49  Roach  
  9  6:53  Drone  
  9  7:00  Drone  
  8  7:07  Drone  
  7  7:14  Drone  
  7  7:18  Roach  
  7  7:21  Drone  
  10  7:28  Drone  
  11  7:33  Spawning Pool  
  11  7:36  Drone  
  9  7:43  Drone  
  2  8:04  Hatchery  
Tags
 
Add a new tag
Caveats
  • Supply blocks, unpowered buildings, or Contaminate may cause inaccurate times.
  • Supply counts are checked every 10 seconds.